 Dungeon Crawl Stone Soup version 0.30-a0-845-g7c6808c8ce (webtiles) character file.

Game seed: 3541790625102389242

28 qeuew the Trooper (level 3, 29/29 HPs)
             Began as a Demonspawn Chaos Knight on Mar 1, 2023.
             Was a Plaything of Xom.
             Quit the game on level 2 of the Dungeon on Mar 2, 2023.
             The game lasted 00:01:47 (916 turns).

qeuew the Trooper (Demonspawn Chaos Knight)          Turns: 916, Time: 00:01:48

Health: 29/29      AC:  7    Str: 14    XL:     3   Next: 0%
Magic:  3/3        EV: 11    Int: 13    God:    Xom [..*...]
Gold:   73         SH:  0    Dex: 12    Spells: 2/2 levels left

rFire   . . .      SeeInvis .    a - +0 mace (chaos)
rCold   . . .      Faith    .    (no shield)
rNeg    . . .      Spirit   .    b - +2 leather armour
rPois   .          Reflect  .    (no helmet)
rElec   .          Rampage  .    (no cloak)
rCorr   .                        (no gloves)
Will    .....                    (no boots)
Stlth   +                        (no amulet)
HPRegen 0.24/turn                (no ring)
MPRegen 0.08/turn                (no ring)

@: no status effects
A: thin metallic scales 1, demonic magic 1
a: Renounce Religion


You were on level 2 of the Dungeon.
You worshipped Xom.
You were a toy of Xom.
You visited 1 branch of the dungeon, and saw 2 of its levels.

You collected 73 gold pieces.

Inventory:

Hand Weapons
 a - a +0 mace of chaos (weapon)
Armour
 b - a +2 leather armour (worn)
Scrolls
 f - a scroll of fog {unknown}
Potions
 d - 3 potions of curing
 e - a potion of resistance {unknown}
 g - a potion of haste {unknown}
 h - a potion of berserk rage {unknown}
Miscellaneous
 c - a piece from Xom's chessboard (15/15) (quivered)


   Skills:
 + Level 3.2 Fighting
 + Level 2.9 Maces & Flails
 + Level 2.1 Armour
 + Level 1.3 Dodging
 + Level 1.0 Evocations


You had 2 spell levels left.
You didn't know any spells.
Your spell library was empty.

Dungeon Overview and Level Annotations

Branches:
Dungeon (2/15)

Altars:


Innate Abilities, Weirdness & Mutations

You are partially covered in thin metallic scales. (AC +2)
Spells you cast may paralyse adjacent enemies.


Message History

No target in view!
No target in view!
No target in view!
You now have 73 gold pieces (gained 10).
g - a dark potion As you open the door, it creaks loudly!
You hear a shout!
You open the door.
There is an open door here.
A kobold comes into view. It is wielding a +0 short sword.
Found a smoky coppery potion.
The kobold shouts!
A kobold is nearby!
You sock the kobold! You burn the kobold.
You kill the kobold!
Your Evocations skill increases to level 1!
No target in view!
No target in view!
No target in view!
No target in view!
No target in view!
No target in view!
A bat comes into view.
The bat moves out of view.
A bat is nearby!
A bat is nearby!
The bat closely misses you. The bat hits you but does no damage.
You miss the bat. The bat barely misses you.
You hit the bat.
You kill the bat!
You have reached level 3!
Your experience leads to an increase in your attributes!
Increase (S)trength, (I)ntelligence, or (D)exterity?
You feel stronger. x2; Your demonic ancestry asserts itself...
A menacing aura infuses your magic.
h - a smoky coppery potion A goblin comes into view.
It is wielding a +0 dagger.
A goblin is nearby!
A goblin is nearby!
The goblin closely misses you.
Are you sure you want to abandon this character and quit the game? (Confirm with "yes".)

### ..# #####.#
##### ......# #...
......########.#####
......'...#......g.#
......###.#)##..@#
......'.....##...#
#.....###.####...#
........#........#
.####.#######.#..#
.####.#######.#..#
.......)...##.#..#
.###.......##.#..#
.# #.......##.#..#


You could see a goblin.

Vanquished Creatures
  4 ball pythons
  4 endoplasms (D:1)
  2 hobgoblins
  A quokka (D:2)
  A bat (D:2)
  3 frilled lizards
  3 goblins (D:2)
  4 kobolds
  5 rats
27 creatures vanquished.

Notes
Turn   | Place    | Note
-------+----------+-------------------------------------------
     0 | D:1      | qeuew the Demonspawn Chaos Knight began the quest for the
                  | Orb.
     0 | D:1      | Reached XP level 1. HP: 18/18 MP: 1/1
    59 | D:1      | XOM: divination: detect items
    61 | D:1      | Reached skill level 1 in Dodging
    61 | D:1      | XOM: silly message
    67 | D:1      | XOM: butterfly on damage
   273 | D:1      | XOM: divination: detect creatures
   310 | D:1      | Gained mutation: You are partially covered in thin metallic
                  | scales. (AC +2) [demonic ancestry]
   310 | D:1      | Reached XP level 2. HP: 24/24 MP: 2/2
   350 | D:1      | XOM: divination: detect items
   393 | D:1      | XOM: divination: detect creatures
   837 | D:2      | XOM: silly message
   850 | D:2      | Upgraded the game from 0.30-a0-840-ga523dec638 to
                  | 0.30-a0-845-g7c6808c8ce
   902 | D:2      | Reached skill level 1 in Evocations
   911 | D:2      | Gained mutation: Spells you cast may paralyse adjacent
                  | enemies. [demonic ancestry]
   911 | D:2      | Reached XP level 3. HP: 29/29 MP: 3/3
   916 | D:2      | Quit the game

Illustrated notes

Levels and vault maps discovered:
D:1:      dpeg_arrival_yet_another_circle, layout_loops_ring, minivault_26
D:2:      layout_basic, chequers_arboretum, minmay_misc_feat_x,
          minmay_tetromino_l2, uniq_sigmund, uniq_natasha

Skill      XL: |  1  2 |
---------------+-------+-----
Dodging        | 1 |  1.3
Armour         | 2 |  2.1
Evocations     | 1 |  1.0
Fighting       | |  3.2
Maces & Flails | |  2.9

Action                     || total
---------------------------++-------
  Melee: Mace              ||    90
    Use: Scroll            ||     2
 Armour: Leather armour    ||    37
  Dodge: Dodged            ||    53

Table legend: (Time is in decaauts)
 A = Elapsed time spent in this place.
 B = Non-inter-level travel time spent in this place.
 C = Inter-level travel time spent in this place.
 D = Time resting spent in this place.
 E = Time spent auto-exploring this place.
 F = Levels seen in this place.
 G = Mean time per level.
                   A        B        C        D        E       F      G
               +--------+--------+--------+--------+--------+-----+--------+
         Total |    939 |    913 |     26 |      0 |    703 |   2 |  469.5 |
       Dungeon |    939 |    913 |     26 |      0 |    703 |   2 |  469.5 |
               +--------+--------+--------+--------+--------+-----+--------+

Top non-repeatable levels by time:
     D:1: 756 daAuts
     D:2: 182 daAuts
